 Dungeon Crawl Stone Soup version 0.21.1-1-g345015f (webtiles) character file.

1312 Figureslego113 the Geomancer (level 8, -8/41 HPs)
             Began as a Gargoyle Earth Elementalist on June 21, 2018.
             Was a Follower of Vehumet.
             Mangled by an orc warrior
             ... wielding a +0 battleaxe
              (20 damage)
             ... on level 6 of the Dungeon on June 22, 2018.
             The game lasted 00:28:56 (4524 turns).

Figureslego113 the Geomancer (GrEE)                 Turns: 4524, Time: 00:28:56

Health: -8/41      AC: 11    Str: 13    XL:     8   Next: 58%
Magic:  1/11       EV: 12    Int: 17    God:    Vehumet [*.....]
Gold:   259        SH:  0    Dex: 10    Spells: 7/11 levels left

rFire    . . .     SeeInvis .   g - +2 short sword (elec)
rCold    . . .     Gourm    .   (no shield)
rNeg     + . .     Faith    .   n - +0 leather armour
rPois    ∞         Spirit   .   j - +0 helmet
rElec    +         Reflect  .   (no cloak)
rCorr    .         Harm     .   (no gloves)
MR       .....                  h - +0 pair of boots
Stlth    ++........             (no amulet)
HPRegen  0.13/turn              (no ring)
MPRegen  0.12/turn              (no ring)

@: no status effects
A: negative energy resistance 1, electricity resistance, unbreathing,
petrification resistance, rot immunity, AC +5
a: Renounce Religion


You were on level 6 of the Dungeon.
You worshipped Vehumet.
Vehumet was aware of your devotion.
You were not hungry.

You visited 2 branches of the dungeon, and saw 7 of its levels.

You collected 259 gold pieces.

Inventory:

Hand Weapons
 g - a +2 short sword of electrocution (weapon)
Missiles
 b - 217 stones (quivered)
Armour
 c - a +0 robe
 h - a +0 pair of boots (worn)
 j - a +0 helmet (worn)
 n - a +0 leather armour (worn)
Jewellery
 w - an uncursed amulet of magic regeneration {unknown}
Wands
 o - a wand of digging (14)
 u - a wand of disintegration (15)
Scrolls
 a - 9 scrolls of identify {unknown}
 f - 3 scrolls of blinking {unknown}
 i - 2 scrolls of remove curse {unknown}
 k - a scroll of enchant weapon {unknown}
 p - a scroll of amnesia {unknown}
 q - a scroll of teleportation {unknown}
 r - a scroll of magic mapping {unknown}
 t - a scroll of fog {unknown}
Potions
 l - a potion of flight {unknown}
 m - 2 potions of heal wounds {unknown}
 s - a potion of cancellation {unknown}
Books
 e - a book of Geomancy

   Spells                             Type                      Level
   a - Sandblast                      Earth                        1
   b - Passwall                       Transmutation/Earth          2
   c - Stone Arrow                    Conjuration/Earth            3
   d - Petrify                        Transmutation/Earth          4
   e - Lee's Rapid Deconstruction     Earth                        5
Comestibles
 d - 3 rations
 v - 2 chunks of flesh


   Skills:
 * Level 4.0 Short Blades
 * Level 3.8 Armour
 * Level 2.0 Dodging
 - Level 2.1 Stealth
 - Level 2.0 Spellcasting
 + Level 4.5 Conjurations
   Level 0.7 Transmutations
 + Level 8.9 Earth Magic


You had 7 spell levels left.
You knew the following spells:

 Your Spells              Type           Power        Failure   Level  Hunger
a - Sandblast             Erth           ####..       1%          1    #......
b - Stone Arrow           Conj/Erth      ###...       4%          3    ###....


Dungeon Overview and Level Annotations

Branches:
Dungeon (6/15)             Temple (1/1) D:4

Altars:
Ashenzari
Cheibriados
Dithmenos
Elyvilon
Fedhas
Gozag
Hepliaklqana
Kikubaaqudgha
Makhleb
Nemelex Xobeh
Okawaru
Qazlal
Ru
Sif Muna
Trog
Uskayaw
Vehumet
Wu Jian
Xom
Yredelemnul
Zin
The Shining One


Innate Abilities, Weirdness & Mutations

You are resistant to torment.
Your stone body is resilient. (AC +5)
You are immune to poison.
You resist negative energy. (rN+)
You are resistant to electric shocks. (rElec)
You can survive without breathing.
You are immune to petrification.
You are immune to rotting.


Message History

Confirm with . or Enter, or press ? or * to list all spells.
Aiming: Stone Arrow
Press: ? - help, Shift-Dir - straight line, f - orc priest
Aim: an orc priest, wielding a trident and wearing a ring mail (moderately wounded)
The stone arrow hits the orc priest.
The orc priest is heavily wounded.
The ice beast hits you but does no damage.
The orc priest hits you with a trident. The orc barely misses you.
The orc warrior misses you. The orc priest misses you.
The orc barely misses you.
The ice beast hits you but does no damage.
The orc priest closely misses you.
The ice beast hits you but does no damage.
The orc priest barely misses you.
You open the door.
The orc priest calls down the wrath of Beogh upon you.
Beogh smites you!
* * * LOW HITPOINT WARNING * * *
The orc warrior hits you with a battleaxe!!
You die...

#..........#...########
#########...##..###..##.....#
#.....###...#######..##.....#
#......'...# #..........#
#......#...# #...........
#......#...# ###..########
#..#..##...# .###..##....<#
####..#######...............
#......oo@'...............
#..)....Y##..####.##+#####
#.....o..# .# #.
#..............
######.......... #...........
.......... . #..........
#....##....


You could see an orc warrior, an ice beast, an orc priest and an orc.

Vanquished Creatures
  The ghost of GreatJob the Thaumaturge, a novice DEFE of Vehumet (D:5)
  An ice beast (D:4)
  2 ogres
  A phantom (D:4)
  A sky beast (D:5)
  A scorpion (D:5)
  2 crimson imps (D:5)
  A quasit (D:6)
  An orc priest (D:3)
  A centaur skeleton (D:4)
  3 orc wizards (D:5)
  A bullfrog skeleton (D:4)
  An iguana (D:4)
  A worker ant (D:5)
  3 gnolls (D:3)
  2 howler monkey skeletons (D:4)
  8 adders
  A shadow imp (D:6)
  An ooze (D:1)
  An adder skeleton (D:4)
  3 worms
  3 dart slugs
  6 leopard geckos
  10 orcs
  3 ball pythons
  10 giant cockroaches
  7 goblins
  5 hobgoblins
  9 jackals
  7 quokkas
  11 bats
  7 frilled lizards
  5 kobolds
  A leopard gecko zombie (D:5)
  5 rats
126 creatures vanquished.

Notes
Turn   | Place    | Note
-------+----------+-------------------------------------------
     0 | D:1      | Figureslego113 the Gargoyle Earth Elementalist began the quest for the Orb.
     0 | D:1      | Reached XP level 1. HP: 10/10 MP: 3/3
   132 | D:1      | Reached skill level 4 in Earth Magic
   132 | D:1      | Reached XP level 2. HP: 15/15 MP: 3/5
   409 | D:1      | Reached XP level 3. HP: 19/19 MP: 6/6
   410 | D:1      | Reached skill level 5 in Earth Magic
   738 | D:1      | Learned a level 3 spell: Stone Arrow
  1067 | D:2      | Found a glowing silver altar of Zin.
  1157 | D:2      | Reached XP level 4. HP: 19/24 MP: 0/7
  1372 | D:2      | Reached skill level 1 in Conjurations
  1671 | D:3      | Reached skill level 6 in Earth Magic
  1699 | D:3      | Reached XP level 5. HP: 15/28 MP: 8/8
  2053 | D:3      | Reached skill level 1 in Short Blades
  2781 | D:4      | Reached skill level 7 in Earth Magic
  2781 | D:4      | Reached XP level 6. HP: 32/32 MP: 9/9
  2788 | D:4      | Noticed an ice beast
  2794 | D:4      | Killed an ice beast
  2934 | D:4      | Found a staircase to the Ecumenical Temple.
  2943 | Temple   | Entered the Ecumenical Temple
  3004 | Temple   | Became a worshipper of Vehumet
  3245 | D:4      | Reached skill level 1 in Armour
  3245 | D:4      | Reached XP level 7. HP: 36/36 MP: 10/10
  3616 | D:4      | Reached skill level 8 in Earth Magic
  3623 | D:5      | Entered Level 5 of the Dungeon
  3808 | D:5      | Noticed GreatJob's ghost (novice DEFE)
  3815 | D:5      | Killed GreatJob's ghost
  3815 | D:5      | Reached XP level 8. HP: 24/41 MP: 0/11
  4467 | D:6      | Reached * piety under Vehumet
  4467 | D:6      | Offered knowledge of Sting by Vehumet.
  4524 | D:6      | Mangled by an orc warrior

Skill      XL: |  1  2  3  4  5  6  7  8 |
---------------+-------------------------+-----
Earth Magic    | 4 5 6 7 8 |  8.9
Conjurations   | 1 2 3 4 |  4.5
Short Blades   | 1 2 3 4 |  4.0
Armour         | 1 2 3 |  3.8
Dodging        | 2 |  2.0
Stealth        | |  2.1
Spellcasting   | |  2.0
Transmutations | |  0.7

Action                   |  1- 3 |  4- 6 |  7- 9 || total
-------------------------+-------+-------+-------++-------
Melee: Short sword       |    49 |   109 |   104 ||   262
       Unarmed           |     4 |       |       ||     4
Throw: Stone             |       |     2 |       ||     2
 Cast: Sandblast         |    15 |    14 |    18 ||    47
       Stone Arrow       |     7 |    25 |    23 ||    55
  Use: Potion            |       |     1 |       ||     1
 Stab: Sleeping          |     1 |     2 |     1 ||     4
  Eat: Chunk             |     2 |     9 |     5 ||    16
       Ration            |       |       |     1 ||     1
Armor: Robe              |    20 |    11 |       ||    31
       Leather armour    |       |    26 |    43 ||    69
       Skin              |       |     4 |       ||     4
Dodge: Dodged            |    36 |    74 |    61 ||   171
